 Dungeon Crawl Stone Soup version 0.21.1-1-g345015f (webtiles) character file.

544830 Monsterracer the Rhythm of Life and Death (level 24, -24/203 HPs)
             Began as a Demonspawn Fighter on Apr 22, 2018.
             Was the Champion of Uskayaw.
             Killed from afar by a red draconian annihilator (53 damage)
             ... with a crystal spear
             ... on level 5 of the Realm of Zot on Apr 23, 2018.
             The game lasted 01:34:05 (73145 turns).

Monsterracer the Rhythm of Life and Death (DsFi)   Turns: 73145, Time: 01:34:06

Health: -24/203    AC: 41    Str: 22    XL:     24   Next: 86%
Magic:  40/40      EV: 13    Int: 12    God:    Uskayaw [******]
Gold:   4509       SH: 15    Dex: 26    Spells: 10/23 levels left

rFire    + + .     SeeInvis +   a - +9 broad axe (chop)
rCold    + + .     Gourm    .   X - +0 shield {reflect}
rNeg     . . .     Faith    +   f - +6 gold dragon scales
rPois    +         Spirit   .   (helmet unavailable)
rElec    +         Reflect  +   F - +2 cloak of Byonaad {Dex+4 Slay+3 SInv}
rCorr    .         Harm     .   R - +1 pair of gloves "Walloxar" {+Blink rElec}
MR       +....     NoTele   +   G - +2 pair of boots of the Assassin {Detection Stab+ Stlth++}
Stlth    ..........             E - amulet "Kuguc" {Faith -Tele Str-3 Dex+5 Slay+3}
HPRegen  0.43/turn              u - ring "Gobrih" {rElec rPois Dex+3 Slay+3 SInv}
MPRegen  0.27/turn              v - ring of protection from fire {!d}

@: cannot translocate, drained
A: horns 3, icy blue scales 3, demonic guardian 3, spiny 2, augmentation 3
}: 3/15 runes: decaying, silver, gossamer
a: Stomp, Line Pass, Grand Finale, Renounce Religion, Evoke Blink


You were on level 5 of the Realm of Zot.
You worshipped Uskayaw.
Uskayaw was exalted by your worship.
You were not hungry.

You visited 9 branches of the dungeon, and saw 47 of its levels.
You visited the Abyss 1 time.
You also visited: Ossuary.

You collected 8590 gold pieces.
You spent 4081 gold pieces at shops.

Inventory:

Hand Weapons
 a - a +9 broad axe of chopping (weapon)
Missiles
 b - 2 throwing nets (quivered)
Armour
 f - +6 gold dragon scales (worn)
 F - the +2 cloak of Byonaad (worn) {Dex+4 Slay+3 SInv}
   (You found it on level 5 of the Vaults)

   It affects your dexterity (+4).
   It affects your accuracy and damage with ranged weapons and melee attacks
   (+3).
   It lets you see invisible.
 G - the +2 pair of boots of the Assassin (worn) {Detection Stab+ Stlth++}
   (You found it on level 2 of the Depths)

   It makes you much more stealthy.
 R - the +1 pair of gloves "Walloxar" (worn) {+Blink rElec}
   (You found it on level 6 of the Lair of Beasts)

   It insulates you from electricity.
   It lets you blink.
 X - a +0 shield of reflection (worn)
Jewellery
 o - an uncursed ring of fire
 t - an uncursed amulet of faith
 u - the ring "Gobrih" (left hand) {rElec rPois Dex+3 Slay+3 SInv}
   (You took it off a yaktaur captain on level 5 of the Vaults)

   [ring of see invisible]

   It affects your dexterity (+3).
   It affects your accuracy and damage with ranged weapons and melee attacks
   (+3).
   It insulates you from electricity.
   It protects you from poison.
   It lets you see invisible.
 v - a ring of protection from fire (right hand) {!d}
 w - an uncursed ring of resist corrosion {!d}
 D - an uncursed ring of protection from cold {!d}
 E - the amulet "Kuguc" (around neck) {Faith -Tele Str-3 Dex+5 Slay+3}
   (You took it off an orc warrior on level 5 of the Vaults)

   [amulet of faith]

   It allows you to gain divine favour quickly.
   It affects your strength (-3).
   It affects your dexterity (+5).
   It affects your accuracy and damage with ranged weapons and melee attacks
   (+3).
   It prevents most forms of teleportation.
 J - an uncursed ring of protection from magic {!d}
Wands
 p - a wand of iceblast (66)
 z - a wand of digging (35)
 H - a wand of acid (59)
Scrolls
 g - 18 scrolls of remove curse
 l - 6 scrolls of blinking
 x - 18 scrolls of teleportation
 y - a scroll of silence
 C - 5 scrolls of identify
 I - a scroll of enchant weapon
 Q - 6 scrolls of fear {!r}
 S - 5 scrolls of fog
Potions
 d - 5 potions of might
 e - 9 potions of flight
 h - 6 potions of ambrosia {!q}
 i - 8 potions of invisibility
 j - 10 potions of heal wounds
 m - 9 potions of mutation {!q}
 n - 11 potions of lignification
 q - 2 potions of resistance
 r - 14 potions of curing
 s - 7 potions of magic
 A - 5 potions of cancellation
 B - a potion of berserk rage {!q}
 M - 4 potions of agility
 N - 7 potions of haste
 O - 9 potions of brilliance
Comestibles
 c - 60 rations


   Skills:
 * Level 19.8(19.0) Fighting
 - Level 18.3(17.5) Axes
 + Level 17.6(16.8) Armour
 + Level 13.2(12.4) Dodging
 - Level 15.0(14.2) Shields
 O Level 27(26.0) Invocations


You had 10 spell levels left.
You knew the following spells:

 Your Spells              Type           Power        Failure   Level  Hunger
h - Statue Form           Tmut/Erth      #........    100%        6    #######
j - Regeneration          Chrm/Necr      #.........   100%        3    ####...
u - Swiftness             Chrm/Air       #.......     100%        2    ###....
v - Summon Butterflies    Summ           #.......     100%        1    ##.....
z - Apportation           Tloc           #.....       100%        1    ##.....


Dungeon Overview and Level Annotations

Branches:
Dungeon (15/15)            Temple (1/1) D:6            Lair (6/6) D:9
  Swamp (4/4) Lair:4       Spider (4/4) Lair:2        Slime (0/5) Lair:5
    Orc (2/2) D:9             Elf (0/3) Orc:2        Vaults (5/5) D:13
  Crypt (0/3) Vaults:3     Depths (5/5) D:15            Zot (5/5) Depths:5

Altars:
Ashenzari
Cheibriados
Dithmenos
Elyvilon
Fedhas
Gozag
Hepliaklqana
Kikubaaqudgha
Makhleb
Nemelex Xobeh
Okawaru
Qazlal
Ru
Sif Muna
Trog
Uskayaw
Vehumet
Wu Jian
Xom
Yredelemnul
Zin
The Shining One
Lugonu

Shops:
D:10 [   D:12 }   Orc:2 =[%(   Vaults:2 }[!*[*(?   Vaults:5 (   Depths:2 =}=

Portals:
Hell: Depths:1 Depths:2 Depths:3 Depths:4 Depths:5
Abyss: Depths:1 Depths:3 Depths:4 Depths:5
Pandemonium: Depths:3
Ziggurat: Depths:1

Annotations:
Depths:3 7 runed doors


Innate Abilities, Weirdness & Mutations

You have a pair of large horns on your head.
You are completely covered in icy blue scales. (AC +4, rC+)
A powerful demonic guardian rushes to your aid.
You are mostly covered in sharp spines.
Your magical and physical power is greatly enhanced at high health.


Message History

You hit the yellow draconian monk but do no damage.
You headbutt the yellow draconian monk!
The yellow draconian monk is heavily wounded.
You slash the shadow dragon! You barely miss the white draconian.
The black draconian is no longer sharing its pain.
You block the black draconian's attack. The yellow draconian monk hits you!!
* * * LOW HITPOINT WARNING * * *
The yellow draconian monk kicks you!
* * * LOW HITPOINT WARNING * * *
The yellow draconian monk tail-slaps you but does no damage.
The white draconian breathes frost at you.
The chilling blast hits you!
The chilling blast hits the shadow dragon.
The shadow dragon appears unharmed.
The black draconian stormcaller mumbles some strange prayers to Qazlal against you.
Qazlal smites you!
* * * LOW HITPOINT WARNING * * *
You take 39 damage, and have 71/203 hp.
Unknown command.
You cut the yellow draconian monk into ribbons!!!
The yellow draconian monk is almost dead.
You hit the white draconian.
You slice the shadow dragon like a ripe choko!!!
The shadow dragon bites you!
* * * LOW HITPOINT WARNING * * *
You block the shadow dragon's attack. x2
The white draconian hits you but does no damage.
The yellow draconian monk throws acid at you.
The glob of acid hits you!
You are splashed with acid!
The acid burns!
* * * LOW HITPOINT WARNING * * *
You take 18 damage, and have 53/203 hp.
Unknown command.
You slice the yellow draconian monk!!
Your headbutt misses the yellow draconian monk.
The yellow draconian monk is almost dead.
You slash the white draconian! You slice the shadow dragon!!
You kill the shadow dragon!
The shadow dragon scales are intact enough to wear.
The white draconian hits you from afar with a glaive.
* * * LOW HITPOINT WARNING * * *
The black draconian misses you.
Your lorocyproca hits the yellow draconian monk!
The yellow draconian monk dies!
You take 6 damage, and have 47/203 hp.
Unknown command.
Unknown command.
The black draconian stormcaller hits you with a long sword.
* * * LOW HITPOINT WARNING * * *
You block the black draconian's attack.
The white draconian completely misses you.
A shadow dragon comes into view.
Things that are here:
a long sword; a cloak Unknown command.
You slice the black draconian like a ripe choko!!!
You headbutt the black draconian!!
The black draconian is almost dead.
You slash the black draconian stormcaller!
You slash the white draconian! You block the white draconian's attack.
Uskayaw prepares the audience for your solo!
Unknown command.
The helpless black draconian fails to defend itself.
You open the black draconian like a pillowcase!!!!
You kill the black draconian!
The helpless black draconian stormcaller fails to defend itself.
You chop the black draconian stormcaller into pieces!!!!
You kill the black draconian stormcaller!
The helpless white draconian fails to defend itself.
You cut the white draconian into ribbons!!!!
You kill the white draconian!
A red draconian annihilator comes into view.
It is wielding a long sword.
Your lorocyproca hits the white draconian!!
A green draconian shifter comes into view.
It is wielding a short sword.
The helpless white draconian fails to defend itself.
You slice the white draconian like a ripe choko!!!!!
You kill the white draconian!
Your lorocyproca disappears in a puff of smoke!
The red draconian annihilator points at you and mumbles some strange words.
Your +0 shield of reflection reflects the poison arrow!
The poison arrow hits the red draconian annihilator.
The red draconian annihilator looks as sick as possible!
A green draconian comes into view. It is wielding a battleaxe.
Things that are here:
a long sword; a runed cloak The shadow dragon is no longer paralysed.
Items here: ) [[ †† a rapier; a runed cloak; a cloak; a green draconian corpse a yellow draconian corpse The green draconian shifter points at you and mumbles some strange words.
You feel firmly anchored in space.
The red draconian annihilator mumbles some strange words.
The red draconian annihilator blinks!
Things that are here:
a short sword; a green draconian corpse The shadow dragon breathes negative energy at you.
The bolt of negative energy hits you!
You feel drained.
* * * LOW HITPOINT WARNING * * *
The red draconian annihilator points at you and mumbles some strange words.
The crystal spear hits you!
You die...

##....#####**,,,,,,** #.....#
*,,,,,*,** ##...(# *,,,,,**,*
****##...# *********,
**{,,*#..†## **
**,,⌠,,##...## *
**,,,,{,,#..#.### *
**,,⌠,,,,,#..#<..# **
*,,,,,,⌠,,#q@#2§§## **,
*,,,⌠,,,,,#))§.§..##**** **,,
*,*,,,,,{,#.)[§§§D.#.,,***,,,
*,,,,,⌠,,##q))).§....,,,,,,,,
**,,,,,,*#))..)......,,,,,,,,
**,,,.....d..........,,,,,,,,
*⌠,,,.......#........*,,,,,*,
*,,,,................,,,,,,,,
*,,,,...########....⌠,,,,,,,,


You could see a shadow dragon, a green draconian, a green draconian shifter and
a red draconian annihilator.

Vanquished Creatures
  Mara (Spider:4)
  Sojobo (Depths:1)
  Boris (Vaults:4)
  2 curse toes
  7 golden dragons
  Nikola (Swamp:2)
  A Tzitzimitl (Depths:2)
  4 liches
  8 tentacled monstrosities
  Asterion (Depths:2)
  4 quicksilver dragons
  7 titans (Vaults:5)
  2 sphinxes (Vaults:5)
  11 shadow dragons
  12 tengu reavers
  2 draconian monks (Depths:5)
  3 storm dragons
  6 fire giants
  7 frost giants
  5 deep elf sorcerers
  3 ghost moths
  Aizul (Depths:3)
  3 draconian knights (Zot:2)
  2 orc warlords (Orc:2)
  2 balrugs
  15 vault wardens
  An iron dragon (Depths:4)
  Louise (Swamp:4)
  2 draconian shifters
  A cacodemon (Depths:3)
  11 emperor scorpions
  A deep elf elementalist (Vaults:5)
  2 draconian annihilators
  4 draconian stormcallers
  13 stone giants
  2 war gargoyles
  22 very ugly things
  3 deep elf demonologists
  14 ironheart preservers
  7 deep elf annihilators
  A stone giant (shapeshifter) (Depths:3)
  The ghost of Gartch the Imperceptible, a journeyman SpEn of Ashenzari (Swamp:4)
  4 green draconians
  Nessos (D:13)
  6 vampire knights
  4 purple draconians
  2 entropy weavers (Vaults:4)
  3 black draconians
  Azrael (D:14)
  7 white draconians
  4 red draconians
  11 spark wasps
  3 yellow draconians
  Snorg (D:15)
  A blizzard demon (Depths:4)
  12 fire dragons
  13 ettins
  7 deep elf high priests
  10 great orbs of eyes
  27 vault guards
  25 yaktaur captains
  3 spriggan air magi
  21 hydras
  6 rakshasas
  11 ice dragons
  A juggernaut simulacrum (Depths:2)
  8 centaur warriors
  2 ghost crabs
  7 deep troll shamans
  2 death yaks (Lair:4)
  A death knight (Vaults:3)
  2 alligators
  11 deep troll earth magi
  10 ogre magi
  31 two-headed ogres
  9 spriggan berserkers
  A vampire mage (Vaults:4)
  11 tengu warriors
  The ghost of p0werm0de the Covert, a journeyman FeCK of Xom (D:12)
  6 deep elf knights
  4 storm dragon zombies
  8 hell knights
  A soul eater (Depths:4)
  3 skeletal warriors (Depths:4)
  2 quicksilver dragon simulacra (Depths:4)
  5 sun demons
  3 unseen horrors
  A flayed ghost (Vaults:5)
  2 unseen horrors (shapeshifter)
  4 shadow wraiths
  A spriggan druid (Swamp:4)
  3 glowing orange brains
  23 deep trolls
  4 deep elf archers
  3 shadow demons (Depths:2)
  6 wizards
  10 swamp dragons
  A lindwurm (shapeshifter) (Vaults:5)
  8 necromancers
  5 harpies
  7 orc knights
  3 lindwurms (Swamp:4)
  4 phantasmal warriors
  13 orb spiders
  14 ironbrand convokers
  A tengu zombie (Depths:2)
  2 shambling mangroves
  53 ugly things
  16 deep elf magi
  26 wolf spiders
  A salamander (shapeshifter) (Vaults:5)
  A cyclops (shapeshifter) (Depths:5)
  6 cyclopes
  2 orc sorcerers
  7 moths of wrath
  8 elephants (Lair:6)
  A stone giant skeleton (Vaults:4)
  An ice statue (Depths:4)
  A guardian serpent (Depths:1)
  7 black mambas
  2 centaur zombies
  A torpor snail (Spider:2)
  A guardian serpent (shapeshifter) (Vaults:5)
  A smoke demon (Depths:3)
  9 vault sentinels
  16 spiny frogs
  2 yaktaur zombies (Vaults:1)
  4 gargoyles
  7 rust devils (Depths:4)
  2 kobold demonologists
  55 yaktaurs
  9 demonic crawlers
  3 rime drakes
  4 efreet
  6 freezing wraiths
  2 red devils (Depths:4)
  10 komodo dragons
  2 tengu conjurers (Depths:4)
  2 polar bears (Lair:3)
  2 ice devils (Depths:4)
  11 trolls
  A polar bear (shapeshifter) (D:14)
  18 hornets
  25 jumping spiders
  A tyrant leech (shapeshifter) (Vaults:5)
  3 tyrant leeches
  57 slime creatures
  10 hippogriffs
  10 bog bodies
  2 ettin zombies
  A dream sheep (shapeshifter) (Depths:1)
  A fire giant simulacrum (Vaults:5)
  9 blink frogs
  2 flying skulls (Depths:4)
  An ettin skeleton (Vaults:4)
  51 redbacks
  31 tarantellas
  3 air elementals (Depths:5)
  11 shadows
  A tarantella (shapeshifter) (Vaults:5)
  4 wraiths
  6 spriggans
  5 water elementals
  14 wyverns
  23 yaks
  A yak (shapeshifter) (Depths:2)
  A chaos spawn (Depths:3)
  2 fire elementals (D:14)
  4 basilisks
  A hog (shapeshifter) (Vaults:4)
  A golden eye (shapeshifter) (Depths:1)
  4 steam dragons (Lair:6)
  A hungry ghost (D:9)
  3 vampire mosquitoes (D:13)
  Menkaure (D:5)
  3 wargs
  2 human zombies
  A soldier ant (D:11)
  3 large abominations (Abyss:5)
  14 insubstantial wisps
  2 acid dragons
  25 swamp worms
  A floating eye (Depths:3)
  A floating eye (shapeshifter) (Depths:4)
  5 hell hounds
  3 porcupines (Lair:2)
  18 water moccasins
  33 orc warriors
  2 small abominations
  13 swamp drakes
  A deep troll skeleton (Vaults:5)
  A sky beast (D:12)
  2 black bears
  An elf zombie (Vaults:5)
  4 ice beasts
  2 black bears (shapeshifter)
  An ogre (shapeshifter) (Vaults:5)
  4 phantoms
  3 starcursed masses (Abyss:5)
  52 ogres
  4 ettin simulacra (Depths:4)
  2 eyes of draining
  6 boggarts
  23 centaurs
  13 wolves
  19 crocodiles
  3 big kobolds
  12 bullfrogs
  2 gnoll sergeants (D:9)
  2 water moccasin zombies (Ossuary)
  A wyvern skeleton (D:7)
  3 scorpions
  10 wights
  2 human simulacra
  9 crimson imps
  10 electric eels
  A bullfrog zombie (D:12)
  A quasit (Depths:3)
  4 hounds
  3 jellies
  A gnoll shaman (D:6)
  16 orc priests
  26 orc wizards
  4 bullfrog skeletons
  3 centaur skeletons
  5 iguanas
  Ijyb (D:5)
  7 hell rats (Lair:6)
  11 worker ants
  2 big kobold zombies (Ossuary)
  2 mummies (Ossuary)
  A howler monkey zombie (D:9)
  2 worker ant zombies
  A howler monkey skeleton (D:9)
  8 gnolls
  10 adders
  2 shadow imps
  An ufetubus (Depths:3)
  An ooze (D:1)
  3 adder zombies (Ossuary)
  3 worms
  5 leopard geckos
  92 orcs
  A ball python (D:1)
  2 giant cockroaches
  11 goblins
  7 hobgoblins
  11 jackals
  29 kobolds
  6 quokkas
  4 bats
  4 frilled lizards
  2 gnoll zombies (Ossuary)
  A goblin zombie (D:4)
  10 hobgoblin zombies (Ossuary)
  A jackal skeleton (D:4)
  3 kobold zombies (Ossuary)
  4 orc zombies
  A quokka zombie (D:4)
  7 rats
  2 fungi (Lair:6)
  4 plants
1859 creatures vanquished.

Vanquished Creatures (collateral kills)
  Saint Roka (Depths:1)
  A bone dragon (Depths:5)
  Arachne (Spider:4)
  2 liches (Depths:3)
  A death cob (Zot:5)
  Frances (D:14)
  3 thorn hunters
  Donald (Swamp:3)
  2 tengu reavers
  A storm dragon (Depths:4)
  3 draconian monks (Zot:5)
  The ghost of Monsterracer the Geomancer, a journeyman OpEE of Sif Muna (Spider:1)
  An emperor scorpion (Spider:3)
  A deep elf sorcerer (Vaults:1)
  4 ironheart preservers
  The ghost of buskinjo the Cruncher, a journeyman KoGl of the Shining One (D:12)
  A draconian annihilator (Zot:2)
  2 deep elf annihilators
  A red draconian (Depths:5)
  An ettin (Vaults:5)
  3 yaktaur captains
  A great orb of eyes (Vaults:2)
  A deep elf high priest (Vaults:5)
  A fire dragon (Lair:6)
  An ice dragon (Depths:5)
  2 vault guards (D:13)
  A rakshasa (Vaults:1)
  A hydra (Swamp:4)
  Erica (D:10)
  A catoblepas (D:15)
  4 centaur warriors
  A death knight (D:15)
  8 two-headed ogres
  3 alligators
  6 ogre magi
  A death yak (Lair:4)
  2 spriggan berserkers (Depths:4)
  A deep troll earth mage (Vaults:1)
  2 tengu warriors
  Urug (Lair:2)
  4 spriggans
  2 deep elf knights
  2 soul eaters (Depths:4)
  4 deep trolls
  A glowing orange brain (Depths:4)
  2 spriggan druids (Swamp:4)
  An orc knight (Vaults:1)
  A swamp dragon (Lair:6)
  A lindwurm (Lair:5)
  A sea snake (shapeshifter) (D:11)
  A harpy (Vaults:2)
  A deep elf archer (Vaults:1)
  2 wolf spiders
  6 oklob plants (Lair:5)
  3 orb spiders
  An orc sorcerer (Orc:2)
  10 ugly things
  The ghost of emiel the Digger, a novice GnEE of Cheibriados (D:7)
  2 deep elf magi
  A black mamba (shapeshifter) (Depths:3)
  Joseph (D:10)
  A guardian serpent (Lair:6)
  3 rust devils
  A black mamba (Lair:5)
  6 elephants (Lair:6)
  5 spiny frogs
  A torpor snail (Lair:6)
  7 yaktaurs
  A demonic crawler (Spider:1)
  2 komodo dragons
  The ghost of Exporg the Cudgeler, an amateur MiFi (D:4)
  4 trolls
  3 hornets
  9 blink frogs
  2 jumping spiders
  A bog body (Swamp:2)
  7 slime creatures
  3 tarantellas
  2 shadows
  5 redbacks
  A wraith (Depths:4)
  18 yaks
  2 basilisks
  2 fire elementals (D:14)
  A chaos spawn (Depths:3)
  A hell hound (D:14)
  2 water moccasins
  15 orc warriors
  A porcupine (Lair:5)
  A swamp drake (Swamp:4)
  A human skeleton (Vaults:5)
  A sky beast (D:10)
  A necrophage (D:7)
  2 phantoms
  16 ogres
  A boggart (Depths:4)
  2 wolves (Lair:2)
  2 centaurs
  A crocodile (Lair:1)
  4 big kobolds (D:9)
  2 gnoll sergeants (D:9)
  A water moccasin zombie (Ossuary)
  A scorpion (D:6)
  A crimson imp (Depths:3)
  A quasit (Depths:3)
  A centaur zombie (D:5)
  3 hounds
  An orc priest (Orc:2)
  5 orc wizards
  4 gnolls
  A shadow imp (Depths:3)
  An ufetubus (Depths:3)
  10 orcs
  2 fungi
293 creatures vanquished.

Vanquished Creatures (others)
  3 yaktaur captains
  A deep elf high priest (Depths:4)
  An unseen horror (Vaults:1)
  A deep elf mage (Vaults:1)
  A harpy (Vaults:2)
  5 yaktaurs
  A boggart (Depths:4)
  A human simulacrum (Vaults:2)
  An orc wizard (D:10)
  2 crawling corpses (Depths:4)
  6 fungi
  7 plants
30 creatures vanquished.

Grand Total: 2182 creatures vanquished

Notes
Turn   | Place    | Note
-------+----------+-------------------------------------------
     0 | D:1      | Monsterracer the Demonspawn Fighter began the quest for the Orb.
     0 | D:1      | Reached XP level 1. HP: 18/18 MP: 1/1
   179 | D:1      | Gained mutation: A weak demonic guardian rushes to your aid. [demonic ancestry]
   179 | D:1      | Reached XP level 2. HP: 22/24 MP: 2/2
   457 | D:1      | Gained mutation: You have a pair of small horns on your head. [demonic ancestry]
   457 | D:1      | Reached XP level 3. HP: 29/29 MP: 3/3
   732 | D:1      | Found a sparkling altar of Nemelex Xobeh.
  1402 | D:2      | Gained mutation: You are partially covered in icy blue scales. (AC +2) [demonic ancestry]
  1402 | D:2      | Reached XP level 4. HP: 34/35 MP: 4/4
  1815 | D:2      | Found a hazy altar of Hepliaklqana.
  2682 | D:4      | HP: 15/35 [orc wizard/magic dart (7)]
  2683 | D:4      | Gained mutation: You are mostly covered in icy blue scales. (AC +3) [demonic ancestry]
  2683 | D:4      | Reached XP level 5. HP: 18/41 MP: 5/5
  2685 | D:4      | Reached skill level 1 in Dodging
  2809 | D:4      | Found a sand-covered staircase.
  2857 | Ossuary  | Entered an ossuary
  2911 | Ossuary  | Reached XP level 6. HP: 30/47 MP: 6/6
  3579 | D:4      | Reached skill level 5 in Axes
  3784 | D:4      | Gained mutation: You have a pair of horns on your head. [demonic ancestry]
  3784 | D:4      | Reached XP level 7. HP: 53/53 MP: 7/7
  3848 | D:4      | Noticed Exporg's ghost (amateur MiFi)
  3857 | D:4      | Killed Exporg's ghost
  4311 | D:5      | Entered Level 5 of the Dungeon
  4431 | D:5      | Noticed Ijyb
  4450 | D:5      | Killed Ijyb
  4512 | D:5      | HP: 21/55 [orc warrior/war axe (13)]
  4570 | D:5      | HP: 26/55 [orc warrior/war axe (6)]
  4579 | D:5      | HP: 19/55 [something/puff of frost (8)]
  4788 | D:4      | HP: 25/55 [orc warrior/war axe (8)]
  4789 | D:4      | Gained mutation: You have a pair of large horns on your head. [demonic ancestry]
  4789 | D:4      | Reached XP level 8. HP: 28/61 MP: 8/8
  5162 | D:5      | Noticed Menkaure
  5167 | D:5      | Killed Menkaure
  5320 | D:5      | Reached skill level 5 in Fighting
  5790 | D:6      | Found an iron altar of Okawaru.
  5951 | D:6      | HP: 29/62 [orc warrior/flail (19)]
  5957 | D:6      | Reached skill level 5 in Shields
  6253 | D:6      | Reached skill level 5 in Armour
  6536 | D:6      | Reached XP level 9. HP: 68/68 MP: 9/9
  6756 | D:6      | Found a staircase to the Ecumenical Temple.
  6765 | Temple   | Entered the Ecumenical Temple
  6873 | Temple   | Became a worshipper of Uskayaw the Reveler
  7291 | D:7      | Reached * piety under Uskayaw
  7418 | D:7      | Reached skill level 1 in Invocations
  7418 | D:7      | Reached ** piety under Uskayaw
  7620 | D:7      | Reached *** piety under Uskayaw
  7677 | D:7      | Noticed emiel's ghost (novice GnEE)
  7687 | D:7      | HP: 30/68 [emiel's ghost (19)]
  7690 | D:7      | HP: 11/68 [emiel's ghost (20)]
  7691 | D:7      | Killed emiel's ghost
  7691 | D:7      | Reached skill level 2 in Invocations
  7723 | D:7      | HP: 13/68 [orc wizard/magic dart (5)]
  7729 | D:7      | HP: 11/68 [orc wizard/magic dart (3)]
  8142 | D:7      | Found a sparkling altar of Nemelex Xobeh.
  8211 | D:7      | Reached **** piety under Uskayaw
  8216 | D:7      | Reached ***** piety under Uskayaw
  8217 | D:7      | Reached skill level 3 in Invocations
  8419 | D:7      | Found a shadowy altar of Dithmenos.
  9375 | D:8      | Reached skill level 4 in Invocations
  9535 | D:8      | Noticed a two-headed ogre
  9544 | D:8      | HP: 33/70 [two-headed ogre/giant club (21)]
  9921 | D:8      | Killed a two-headed ogre
  9921 | D:8      | Gained mutation: A demonic guardian rushes to your aid. [demonic ancestry]
  9921 | D:8      | Reached XP level 10. HP: 75/76 MP: 13/13
 10068 | D:8      | Learned a level 2 spell: Swiftness
 10218 | D:9      | HP: 37/76 [yak (5)]
 10221 | D:9      | Reached skill level 5 in Invocations
 10501 | D:9      | Found a bloodstained altar of Trog.
 10732 | D:9      | Found a staircase to the Lair.
 11091 | D:9      | Found a staircase to the Orcish Mines.
 11105 | D:9      | Reached skill level 6 in Invocations
 11417 | D:10     | Entered Level 10 of the Dungeon
 11561 | D:10     | Reached skill level 10 in Axes
 11561 | D:10     | Gained mutation: You are partially covered in sharp spines. [demonic ancestry]
 11561 | D:10     | Reached XP level 11. HP: 51/83 MP: 15/15
 11736 | D:10     | HP: 28/83 [gargoyle/stone arrow (20)]
 12176 | D:10     | Noticed Joseph
 12184 | D:10     | Killed Joseph
 12299 | D:10     | Found Sinoenid's Antique Armour Shoppe.
 12317 | D:10     | Bought a pair of boots for 85 gold pieces
 12321 | D:10     | Noticed Erica
 12326 | D:10     | Killed Erica
 12480 | D:11     | Reached skill level 7 in Invocations
 12940 | D:11     | Noticed a centaur warrior
 12946 | D:11     | Noticed a glowing shapeshifter
 12946 | D:11     | an elephant changed into a glowing shapeshifter
 12947 | D:11     | Noticed a death drake
 12947 | D:11     | a glowing shapeshifter changed into a death drake
 12950 | D:11     | Noticed a shining eye
 12950 | D:11     | a death drake changed into a shining eye
 12955 | D:11     | Killed a centaur warrior
 12958 | D:11     | Noticed an anaconda
 12958 | D:11     | a shining eye changed into an anaconda
 12959 | D:11     | Noticed a sea snake
 12959 | D:11     | an anaconda changed into a sea snake
 12965 | D:11     | Killed a sea snake
 13096 | D:11     | Noticed a white ugly thing
 13107 | D:11     | HP: 40/85 [white ugly thing (15)]
 13107 | D:11     | Killed a white ugly thing
 13293 | Lair:1   | Entered Level 1 of the Lair of Beasts
 13600 | Lair:1   | Reached skill level 8 in Invocations
 13677 | Lair:1   | Reached ****** piety under Uskayaw
 14756 | Lair:2   | HP: 43/86 [wyvern (10)]
 14982 | Lair:2   | Noticed Urug
 14994 | Lair:2   | Killed Urug
 15192 | Lair:2   | Noticed an eight-headed hydra
 15209 | Lair:2   | Killed an eight-headed hydra
 15209 | Lair:2   | Reached XP level 12. HP: 69/93 MP: 18/18
 15372 | Lair:2   | Found a hole to the Spider Nest.
 15406 | Lair:2   | HP: 45/93 [komodo dragon (11)]
 15413 | Lair:2   | HP: 21/93 [redback (4)]
 16023 | Lair:2   | Learned a level 1 spell: Apportation
 16025 | Lair:2   | Learned a level 1 spell: Summon Butterflies
 16479 | Lair:3   | Reached skill level 9 in Invocations
 16485 | Lair:3   | HP: 47/94 [poisoned by a black mamba]
 16490 | Lair:3   | HP: 43/94 [poisoned by a black mamba]
 16495 | Lair:3   | HP: 41/94 [poisoned by a black mamba]
 16500 | Lair:3   | HP: 40/94 [poisoned by a black mamba]
 16506 | Lair:2   | HP: 31/94 [poisoned by a black mamba]
 16514 | Lair:2   | HP: 31/94 [poisoned by a black mamba]
 18050 | Lair:4   | Found a staircase to the Swamp.
 18183 | Lair:4   | Noticed a death yak
 18184 | Lair:4   | Noticed a death yak
 18184 | Lair:4   | Noticed a death yak
 18216 | Lair:4   | Killed a death yak
 18216 | Lair:4   | Reached skill level 10 in Invocations
 18220 | Lair:4   | Killed a death yak
 18227 | Lair:4   | Killed a death yak
 18509 | Lair:4   | HP: 44/95 [komodo dragon (8)]
 19027 | Lair:4   | Got an encrusted leather armour
 19183 | Lair:4   | Identified the +0 leather armour of the Quahog {*Contam rPois Stlth+} (You found it on level 4 of the Lair of Beasts)
 19535 | Lair:5   | HP: 47/95 [poisoned by a spiny frog]
 19541 | Lair:5   | HP: 46/95 [poisoned by a spiny frog]
 19549 | Lair:5   | HP: 45/95 [poisoned by a spiny frog]
 19557 | Lair:5   | HP: 45/95 [poisoned by a spiny frog]
 19782 | Lair:5   | Gained mutation: A powerful demonic guardian rushes to your aid. [demonic ancestry]
 19782 | Lair:5   | Reached XP level 13. HP: 94/100 MP: 20/20
 20087 | Lair:5   | Learned a level 6 spell: Statue Form
 20324 | Lair:5   | Reached skill level 11 in Invocations
 20451 | Lair:5   | Found a staircase to the Slime Pits.
 20479 | Lair:5   | HP: 48/101 [acid (6)]
 20488 | Lair:5   | HP: 45/101 [acid (6)]
 20916 | Lair:5   | HP: 51/102 [acid (9)]
 20921 | Lair:5   | HP: 45/102 [poisoned by a black mamba]
 20926 | Lair:5   | HP: 36/102 [poisoned by a black mamba]
 20931 | Lair:5   | HP: 34/102 [poisoned by a black mamba]
 20937 | Lair:5   | HP: 32/102 [poisoned by a black mamba]
 20943 | Lair:5   | HP: 32/102 [poisoned by a black mamba]
 20951 | Lair:5   | HP: 32/102 [poisoned by a black mamba]
 21269 | Lair:5   | HP: 50/102 [oklob plant/splash of acid (4)]
 21271 | Lair:5   | HP: 24/102 [acid (8)]
 21719 | Lair:6   | Entered Level 6 of the Lair of Beasts
 22007 | Lair:6   | Reached skill level 10 in Fighting
 22467 | Lair:6   | Noticed a fire dragon
 22477 | Lair:6   | Killed a fire dragon
 22477 | Lair:6   | Reached skill level 12 in Invocations
 22714 | Lair:6   | Paralysed by a hornet for 2 turns
 22761 | Lair:6   | HP: 49/102 [spiny frog (11)]
 22766 | Lair:6   | HP: 36/102 [poisoned by a spiny frog]
 22771 | Lair:6   | HP: 30/102 [poisoned by a spiny frog]
 22776 | Lair:6   | HP: 25/102 [poisoned by a spiny frog]
 22781 | Lair:5   | HP: 22/102 [poisoned by a spiny frog]
 22786 | Lair:5   | HP: 21/102 [poisoned by a spiny frog]
 22791 | Lair:5   | HP: 20/102 [poisoned by a spiny frog]
 22798 | Lair:5   | HP: 20/102 [poisoned by a spiny frog]
 22806 | Lair:5   | HP: 20/102 [poisoned by a spiny frog]
 23585 | Lair:6   | Reached XP level 14. HP: 108/109 MP: 23/23
 23747 | Lair:6   | Got a pair of ancient gloves
 23758 | Lair:6   | Identified the +1 pair of gloves "Walloxar" {+Blink rElec} (You found it on level 6 of the Lair of Beasts)
 24318 | Orc:1    | Entered Level 1 of the Orcish Mines
 24463 | Orc:1    | HP: 54/110 [orc knight/enchanted dire flail (12)]
 24847 | Orc:2    | Entered Level 2 of the Orcish Mines
 24864 | Orc:2    | Noticed an orc warlord
 24871 | Orc:2    | HP: 44/110 [orc warrior/trident[an orc warlord] (19)]
 25119 | Orc:2    | HP: 51/110 [orc warlord/enchanted war axe (15)]
 25121 | Orc:2    | Killed an orc warlord
 25121 | Orc:2    | Reached skill level 5 in Dodging
 25412 | Orc:1    | Reached skill level 13 in Invocations
 25658 | Orc:2    | Found a staircase to the Elven Halls.
 25696 | Orc:2    | HP: 50/110 [two-headed ogre/giant spiked club (17)]
 25710 | Orc:2    | HP: 33/110 [two-headed ogre/giant club (3)]
 25988 | Orc:1    | HP: 45/110 [two-headed ogre/giant spiked club (16)]
 26370 | Orc:2    | HP: 52/110 [ogre/giant spiked club (9)]
 26421 | Orc:2    | HP: 53/110 [two-headed ogre/giant club (13)]
 26810 | Orc:2    | Reached skill level 10 in Shields
 26934 | Orc:2    | Found Jyid's Food Emporium.
 26934 | Orc:2    | Found Ynuteg's Jewellery Boutique.
 26934 | Orc:2    | Found Sihikaes's Weapon Shop.
 26934 | Orc:2    | Found Gewk's Antique Armour Emporium.
 26981 | Orc:2    | Bought a +2 ring of protection for 150 gold pieces
 27100 | Orc:2    | Noticed an orc warlord
 27111 | Orc:2    | Killed an orc warlord
 28377 | D:12     | Noticed buskinjo's ghost (journeyman KoGl)
 28386 | D:12     | Reached skill level 14 in Invocations
 28395 | D:12     | Killed buskinjo's ghost
 28692 | D:12     | Found Sagic Sym's Gadget Shoppe.
 28779 | D:12     | Noticed p0werm0de's ghost (journeyman FeCK)
 28796 | D:12     | Killed p0werm0de's ghost
 29265 | D:13     | Gained mutation: You are completely covered in icy blue scales. (AC +4, rC+) [demonic ancestry]
 29265 | D:13     | Reached XP level 15. HP: 113/117 MP: 25/25
 29308 | D:13     | Reached skill level 10 in Armour
 29763 | D:13     | Found a gate to the Vaults.
 29883 | D:13     | Noticed Nessos
 29901 | D:13     | Killed Nessos
 30289 | D:13     | Identified the Tome of Supportive Black Magic
 30295 | D:13     | Learned a level 3 spell: Regeneration
 30617 | D:14     | Noticed Azrael
 30632 | D:14     | Killed Azrael
 30734 | D:14     | Noticed Snorg
 30736 | D:14     | Noticed Frances
 30749 | D:14     | Killed Frances
 30987 | D:14     | Reached skill level 15 in Invocations
 31599 | D:15     | Entered Level 15 of the Dungeon
 31748 | D:15     | HP: 59/118 [hippogriff (7)]
 32272 | D:15     | Killed Snorg
 32594 | D:15     | Found a deep blue altar of Sif Muna.
 32619 | D:15     | Found a staircase to the Depths.
 33121 | Swamp:1  | Entered Level 1 of the Swamp
 33832 | Swamp:1  | HP: 56/118 [poisoned by a swamp dragon (poison gas)]
 33837 | Swamp:1  | HP: 27/119 [poisoned by a swamp dragon (poison gas)]
 33842 | Swamp:1  | HP: 25/119 [poisoned by a swamp dragon (poison gas)]
 33848 | Swamp:1  | HP: 22/119 [poisoned by a swamp dragon (poison gas)]
 33853 | Swamp:1  | HP: 19/119 [poisoned by a swamp dragon (poison gas)]
 33859 | Swamp:1  | HP: 18/119 [poisoned by a swamp dragon (poison gas)]
 33865 | Swamp:1  | HP: 18/119 [poisoned by a swamp dragon (poison gas)]
 33873 | Swamp:1  | HP: 18/119 [poisoned by a swamp dragon (poison gas)]
 35176 | Swamp:2  | Gained mutation: You are mostly covered in sharp spines. [demonic ancestry]
 35176 | Swamp:2  | Reached XP level 16. HP: 104/126 MP: 23/27
 35360 | Swamp:2  | Paralysed by a hornet for 3 turns
 35582 | Swamp:2  | Noticed Nikola
 35595 | Swamp:2  | HP: 60/127 [Nikola/chain lightning (8)]
 35597 | Swamp:2  | Killed Nikola
 36438 | Swamp:3  | Noticed Donald
 36464 | Swamp:3  | HP: 49/127 [Donald/scimitar of slicing (32)]
 36468 | Swamp:3  | HP: 21/127 [Donald/scimitar of slicing (16)]
 36468 | Swamp:3  | Killed Donald
 36840 | Swamp:3  | Reached skill level 16 in Invocations
 37624 | Swamp:4  | Entered Level 4 of the Swamp
 37754 | Swamp:4  | Reached skill level 15 in Axes
 37965 | Swamp:4  | HP: 58/127 [swamp dragon] (7)]
 37969 | Swamp:4  | HP: 25/127 [swamp dragon (5)]
 37978 | Swamp:3  | HP: 14/127 [alligator[a spriggan druid] (9)]
 38792 | Swamp:3  | HP: 63/127 [poisoned by a swamp dragon (poison gas)]
 38797 | Swamp:3  | HP: 59/127 [poisoned by a swamp dragon (poison gas)]
 38803 | Swamp:3  | HP: 56/127 [poisoned by a swamp dragon (poison gas)]
 38809 | Swamp:3  | HP: 55/127 [poisoned by a swamp dragon (poison gas)]
 38815 | Swamp:3  | HP: 55/127 [poisoned by a swamp dragon (poison gas)]
 38822 | Swamp:3  | HP: 55/127 [poisoned by a swamp dragon (poison gas)]
 39356 | Swamp:3  | HP: 62/127 [poisoned by a swamp dragon (blast of poison)]
 39761 | Swamp:3  | HP: 95/190 [poisoned by a swamp dragon (poison gas)]
 39766 | Swamp:3  | HP: 73/190 [poisoned by a swamp dragon (blast of poison)]
 39771 | Swamp:3  | HP: 56/190 [poisoned by a swamp dragon (blast of poison)]
 39776 | Swamp:3  | HP: 44/190 [poisoned by a swamp dragon (blast of poison)]
 39781 | Swamp:3  | HP: 37/190 [poisoned by a swamp dragon (blast of poison)]
 39786 | Swamp:3  | HP: 32/190 [poisoned by a swamp dragon (blast of poison)]
 39792 | Swamp:3  | HP: 28/190 [poisoned by a swamp dragon (blast of poison)]
 39797 | Swamp:3  | HP: 17/127 [poisoned by a swamp dragon (blast of poison)]
 39802 | Swamp:3  | HP: 17/127 [poisoned by a swamp dragon (blast of poison)]
 39807 | Swamp:3  | HP: 16/127 [poisoned by a swamp dragon (blast of poison)]
 39815 | Swamp:3  | HP: 17/127 [poisoned by a swamp dragon (blast of poison)]
 40166 | Swamp:4  | Noticed a thorn hunter
 40185 | Swamp:3  | Killed a thorn hunter
 40838 | Swamp:4  | HP: 61/127 [lindwurm (4)]
 40903 | Swamp:4  | Noticed Gartch's ghost (journeyman SpEn)
 40924 | Swamp:4  | HP: 50/127 [Gartch's ghost (15)]
 40949 | Swamp:4  | HP: 31/127 [Gartch's ghost (3)]
 41357 | Swamp:4  | Killed Gartch's ghost
 41575 | Swamp:4  | HP: 54/127 [six-headed hydra (10)]
 41883 | Swamp:4  | Noticed a thorn hunter
 41892 | Swamp:4  | Killed a thorn hunter
 41945 | Swamp:4  | Noticed a thorn hunter
 41954 | Swamp:4  | Killed a thorn hunter
 41977 | Swamp:4  | HP: 54/127 [tyrant leech (11)]
 42399 | Swamp:4  | Reached skill level 17 in Invocations
 42401 | Swamp:4  | Noticed Louise
 42419 | Swamp:4  | Killed Louise
 43080 | Swamp:4  | Got a decaying rune of Zot
 43290 | Swamp:3  | Gained mutation: Your magical and physical power is slightly enhanced at high health. [demonic ancestry]
 43290 | Swamp:3  | Reached XP level 17. HP: 122/133 MP: 29/29
 43427 | Spider:1 | Entered Level 1 of the Spider Nest
 43429 | Spider:1 | Noticed Monsterracer's ghost (journeyman OpEE)
 43444 | Spider:1 | Killed Monsterracer's ghost
 43545 | Spider:1 | HP: 66/134 [poisoned by a redback]
 43550 | Spider:1 | HP: 41/134 [poisoned by a redback]
 43555 | Spider:1 | HP: 28/134 [poisoned by a redback]
 43560 | Spider:1 | HP: 20/134 [poisoned by a redback]
 43565 | Spider:1 | HP: 13/134 [poisoned by a redback]
 43570 | Spider:1 | HP: 10/134 [poisoned by a redback]
 43576 | Spider:1 | HP: 8/134 [poisoned by a redback]
 43581 | Spider:1 | HP: 6/134 [poisoned by a redback]
 43587 | Lair:2   | HP: 6/134 [poisoned by a redback]
 43595 | Lair:2   | HP: 7/134 [poisoned by a redback]
 45018 | Spider:2 | You fall through a shaft!
 45036 | Spider:3 | HP: 48/135 [disintegration (53)]
 45049 | Spider:3 | HP: 44/135 [disintegration (8)]
 45069 | Spider:3 | HP: 45/135 [wolf spider (5)]
 45341 | Spider:3 | Got a pitted broad axe
 45345 | Spider:3 | Identified the cursed +1 broad axe of Fate {freeze, Int+3} (You found it on level 3 of the Spider Nest)
 45590 | Spider:3 | Got an ivory scimitar
 46133 | Spider:4 | Entered Level 4 of the Spider Nest
 46198 | Spider:4 | HP: 62/135 [wolf spider (14)]
 46200 | Spider:4 | Reached skill level 18 in Invocations
 46203 | Spider:4 | HP: 32/135 [poisoned by a wolf spider]
 46209 | Spider:4 | HP: 29/135 [poisoned by a wolf spider]
 46214 | Spider:4 | HP: 27/135 [poisoned by a wolf spider]
 46220 | Spider:4 | HP: 26/135 [poisoned by a wolf spider]
 46226 | Spider:4 | HP: 25/135 [poisoned by a wolf spider]
 46234 | Spider:4 | HP: 26/135 [poisoned by a wolf spider]
 46598 | Spider:4 | HP: 66/135 [poisoned by a redback]
 46604 | Spider:4 | HP: 53/135 [poisoned by a redback]
 46609 | Spider:4 | HP: 50/135 [poisoned by a redback]
 46614 | Spider:3 | HP: 49/135 [poisoned by a redback]
 46620 | Spider:3 | HP: 49/135 [poisoned by a redback]
 46628 | Spider:3 | HP: 50/135 [poisoned by a redback]
 46634 | Spider:3 | HP: 38/135 [poisoned by a redback]
 46940 | Spider:4 | Noticed Mara
 46946 | Spider:4 | Noticed Arachne
 47037 | Spider:4 | HP: 61/135 [Arachne/staff of poison (17)]
 47037 | Spider:4 | Killed Arachne
 47042 | Spider:4 | HP: 59/135 [poisoned by Arachne]
 47048 | Spider:4 | HP: 58/135 [poisoned by Arachne]
 47054 | Spider:4 | HP: 58/135 [poisoned by Arachne]
 47062 | Spider:3 | HP: 59/135 [poisoned by Arachne]
 47337 | Spider:4 | Got a shimmering chain mail
 47338 | Spider:4 | Identified the +7 chain mail of the King of the Hill {rPois rN+ MR++ Str-5} (You found it on level 4 of the Spider Nest)
 47526 | Spider:4 | Noticed Monsterracer's illusion
 47545 | Spider:4 | Killed Mara
 48116 | Spider:4 | HP: 64/135 [disintegration (35)]
 48116 | Spider:4 | Reached XP level 18. HP: 67/142 MP: 3/31
 48128 | Spider:4 | HP: 66/142 [disintegration (5)]
 48223 | Spider:4 | HP: 65/142 [something (8)]
 48228 | Spider:4 | HP: 41/142 [something (10)]
 48730 | Spider:4 | Got a gossamer rune of Zot
 49728 | Vaults:1 | Entered Level 1 of the Vaults
 50535 | Vaults:1 | Reached skill level 19 in Invocations
 51322 | Vaults:1 | Got a transparent leather armour
 51323 | Vaults:1 | Identified the cursed +0 leather armour of Loss {+Blink rPois Str-4 Dex+2} (You found it on level 1 of the Vaults)
 51736 | Vaults:2 | Found a radiant altar of Vehumet.
 51746 | Vaults:2 | Found Weder's Weapon Shop.
 51956 | Vaults:2 | Found Gozag's Assorted Antiques.
 51970 | Vaults:2 | Found Gozag's Assorted Antiques.
 51983 | Vaults:2 | Found an opulent altar of Gozag.
 52003 | Vaults:2 | HP: 62/144 [vault warden/halberd of freezing (18)]
 52009 | Vaults:2 | HP: 25/144 [vault guard/great mace[a vault warden] (7)]
 52027 | Vaults:2 | Bought an encrusted coral ring for 500 gold pieces
 52379 | Vaults:2 | Found Gozag's Antique Armour Boutique.
 52398 | Vaults:2 | Reached skill level 10 in Dodging
 52414 | Vaults:2 | Gained mutation: Your magical and physical power is enhanced at high health. [demonic ancestry]
 52414 | Vaults:2 | Reached XP level 19. HP: 136/150 MP: 32/32
 52648 | Vaults:2 | Bought a scorched plate armour for 2800 gold pieces
 52648 | Vaults:2 | Identified the +5 plate armour of Qaiwker {Slay+3} (You bought it in a shop on level 2 of the Vaults)
 53288 | Vaults:2 | Found Suqoid's Distillery.
 53297 | Vaults:2 | Bought a potion of heal wounds for 105 gold pieces
 53297 | Vaults:2 | Bought a potion of heal wounds for 105 gold pieces
 53310 | Vaults:2 | Found Osotisyo's Antique Armour Boutique.
 53428 | Vaults:2 | Found Detim's Gadget Shoppe.
 53771 | Vaults:2 | Found Ropuecao's Magic Scroll Emporium.
 53780 | Vaults:2 | Bought a scroll of enchant weapon for 105 gold pieces
 53780 | Vaults:2 | Bought a scroll of enchant weapon for 105 gold pieces
 53790 | Vaults:2 | Bought a scroll of teleportation for 42 gold pieces
 53790 | Vaults:2 | Bought a scroll of teleportation for 42 gold pieces
 53790 | Vaults:2 | Bought a scroll of teleportation for 42 gold pieces
 53968 | Vaults:3 | Reached skill level 20 in Invocations
 54236 | Vaults:3 | Noticed a lich
 54244 | Vaults:3 | HP: 72/151 [lich (6)]
 54247 | Vaults:3 | Killed a lich
 54249 | Vaults:3 | HP: 68/151 [poisoned by an ogre mage (bolt of poison)]
 54254 | Vaults:3 | HP: 63/151 [poisoned by an ogre mage (bolt of poison)]
 54259 | Vaults:3 | HP: 61/151 [poisoned by an ogre mage (bolt of poison)]
 54264 | Vaults:3 | HP: 60/151 [poisoned by an ogre mage (bolt of poison)]
 54269 | Vaults:3 | HP: 60/151 [poisoned by an ogre mage (bolt of poison)]
 54276 | Vaults:3 | HP: 60/151 [poisoned by an ogre mage (bolt of poison)]
 54284 | Vaults:3 | HP: 61/151 [poisoned by an ogre mage (bolt of poison)]
 54715 | Vaults:3 | Got a transparent chain mail
 54716 | Vaults:3 | Identified the cursed +0 chain mail of the Eight Boll Weevils {*Contam +Fly rElec rN+} (You found it on level 3 of the Vaults)
 54901 | Vaults:3 | Found a staircase to the Crypt.
 54937 | Vaults:3 | HP: 66/151 [deep elf mage/bolt of cold (14)]
 55708 | Vaults:3 | Identified a scroll of acquirement
 55711 | Vaults:3 | Got a wizard robe
 55712 | Vaults:3 | Identified the +0 robe "Juisk" {MR+ Str+2 Dex+3} (You acquired it on level 3 of the Vaults)
 55998 | Vaults:4 | HP: 65/152 [deep elf annihilator/iron shot[an ironheart preserver] (40)]
 56280 | Vaults:4 | Reached XP level 20. HP: 115/159 MP: 34/34
 56409 | Vaults:4 | Got a dazzling leather armour
 56414 | Vaults:4 | Identified the +2 leather armour of Unambiguity {rC+ Dex+4} (You took it off a vampire mage on level 4 of the Vaults)
 56436 | Vaults:4 | HP: 75/159 [ice dragon/blast of cold (19)]
 57344 | Vaults:4 | Reached skill level 21 in Invocations
 57947 | Vaults:5 | Entered Level 5 of the Vaults
 57958 | Vaults:5 | Reached skill level 22 in Invocations
 58141 | Vaults:5 | Reached skill level 23 in Invocations
 58147 | Vaults:5 | Found Qeij's Antique Weapon Shop.
 58560 | Vaults:5 | HP: 78/159 [poisoned by a deep elf annihilator (poison arrow)]
 58565 | Vaults:4 | Reached XP level 21. HP: 56/165 MP: 32/36
 58565 | Vaults:4 | HP: 55/165 [poisoned by a deep elf annihilator (poison arrow)]
 58570 | Vaults:4 | HP: 52/165 [poisoned by a deep elf annihilator (poison arrow)]
 58575 | Vaults:4 | HP: 51/165 [poisoned by a deep elf annihilator (poison arrow)]
 58582 | Vaults:4 | HP: 50/165 [poisoned by a deep elf annihilator (poison arrow)]
 58589 | Vaults:4 | HP: 51/165 [poisoned by a deep elf annihilator (poison arrow)]
 58597 | Vaults:4 | HP: 52/165 [poisoned by a deep elf annihilator (poison arrow)]
 58904 | Vaults:5 | Noticed Boris
 58920 | Vaults:4 | HP: 78/165 [something (6)]
 58923 | Vaults:4 | Killed Boris
 58923 | Vaults:4 | Reached skill level 24 in Invocations
 59135 | Vaults:4 | HP: 81/165 [poisoned by a deep elf annihilator (poison arrow)]
 59140 | Vaults:4 | HP: 78/165 [poisoned by a deep elf annihilator (poison arrow)]
 59145 | Vaults:4 | HP: 76/165 [poisoned by a deep elf annihilator (poison arrow)]
 59151 | Vaults:4 | HP: 75/165 [poisoned by a deep elf annihilator (poison arrow)]
 59157 | Vaults:4 | HP: 76/165 [poisoned by a deep elf annihilator (poison arrow)]
 59165 | Vaults:4 | HP: 76/165 [poisoned by a deep elf annihilator (poison arrow)]
 59582 | Vaults:5 | HP: 68/165 [yaktaur captain/bolt (31)]
 59587 | Vaults:4 | HP: 62/165 [poisoned by a deep elf annihilator (poison arrow)]
 59592 | Vaults:4 | HP: 59/165 [poisoned by a deep elf annihilator (poison arrow)]
 59597 | Vaults:4 | HP: 58/165 [poisoned by a deep elf annihilator (poison arrow)]
 59602 | Vaults:4 | HP: 57/165 [poisoned by a deep elf annihilator (poison arrow)]
 59608 | Vaults:4 | HP: 57/165 [poisoned by a deep elf annihilator (poison arrow)]
 59616 | Vaults:4 | HP: 58/165 [poisoned by a deep elf annihilator (poison arrow)]
 59991 | Vaults:5 | Got a smoking lead ring
 60005 | Vaults:5 | Identified the ring "Gobrih" {rElec rPois Dex+3 Slay+3 SInv} (You took it off a yaktaur captain on level 5 of the Vaults)
 60058 | Vaults:5 | Got a translucent bronze ring
 60067 | Vaults:5 | Identified the cursed ring "Gear" {rPois Str-2 Int+2} (You took it off a vault sentinel on level 5 of the Vaults)
 60348 | Vaults:5 | Reached skill level 25 in Invocations
 60379 | Vaults:5 | HP: 80/165 [yaktaur captain/bolt (20)]
 60715 | Vaults:5 | HP: 51/165 [??? (48)]
 60733 | Vaults:5 | HP: 49/165 [sphinx (8)]
 60883 | Vaults:5 | HP: 80/165 [shadow dragon (5)]
 60895 | Vaults:5 | HP: 80/165 [ettin/dire flail (5)]
 61278 | Vaults:5 | Noticed a golden dragon
 61290 | Vaults:5 | Killed a golden dragon
 61290 | Vaults:5 | Reached skill level 26 in Invocations
 61614 | Vaults:5 | Got a sparkling amethyst amulet
 61618 | Vaults:5 | Identified the amulet "Kuguc" {Faith -Tele Str-3 Dex+5 Slay+3} (You took it off an orc warrior on level 5 of the Vaults)
 61668 | Vaults:5 | Got a silver rune of Zot
 62024 | Vaults:5 | Got a crude cloak
 62025 | Vaults:5 | Identified the +2 cloak of Byonaad {Dex+4 Slay+3 SInv} (You found it on level 5 of the Vaults)
 62041 | Vaults:5 | HP: 77/165 [titan (21)]
 62061 | Vaults:5 | HP: 52/165 [yaktaur captain/bolt (31)]
 62067 | Vaults:5 | HP: 37/165 [titan (13)]
 62074 | Vaults:5 | HP: 39/247 [yaktaur captain (3)]
 63155 | Depths:1 | Entered Level 1 of the Depths
 63207 | Depths:1 | Noticed Saint Roka
 63222 | Depths:1 | Killed Saint Roka
 63222 | Depths:1 | Reached skill level 27 in Invocations
 63465 | Depths:1 | Noticed Asterion
 63600 | Depths:1 | Gained mutation: Your magical and physical power is greatly enhanced at high health. [demonic ancestry]
 63600 | Depths:1 | Reached XP level 22. HP: 110/173 MP: 39/39
 63807 | Depths:1 | Noticed Sojobo
 63812 | Depths:1 | Killed Sojobo
 63816 | Depths:1 | Found a gateway to Hell.
 63937 | Depths:1 | Found a gateway to a ziggurat.
 64361 | Depths:1 | Found a one-way gate to the infinite horrors of the Abyss.
 64644 | Depths:2 | Reached skill level 15 in Fighting
 64654 | Depths:2 | HP: 87/175 [green death/poison arrow[Asterion] (9)]
 64660 | Depths:1 | HP: 69/175 [poisoned by a green death (poison arrow)]
 64666 | Depths:1 | HP: 70/175 [poisoned by a green death (poison arrow)]
 64674 | Depths:1 | HP: 71/175 [poisoned by a green death (poison arrow)]
 65062 | Depths:2 | Killed Asterion
 65151 | Depths:2 | Reached skill level 15 in Armour
 65306 | Depths:2 | Got a steaming glaive
 65315 | Depths:2 | Found Garaw's Jewellery Boutique.
 65315 | Depths:2 | Found Axuas's Gadget Shoppe.
 65318 | Depths:2 | Found Lienid's Jewellery Boutique.
 65753 | Depths:2 | Found the +2 pair of boots of the Assassin {Detection Stab+ Stlth++}
 65754 | Depths:2 | Found a shadowy altar of Dithmenos.
 65764 | Depths:2 | HP: 38/176 [Tzitzimitl/bolt of negative energy (52)]
 65772 | Depths:2 | Got twisted shadow dragon scales
 65773 | Depths:2 | Identified the cursed +1 shadow dragon scales "Taotus" {rElec Stlth++++} (You found it on level 2 of the Depths)
 66679 | Depths:3 | Noticed Aizul
 66689 | Depths:3 | Killed Aizul
 66830 | Depths:3 | Paralysed by a floating eye for 2 turns
 66831 | Depths:3 | Found a one-way gate leading to the halls of Pandemonium.
 66863 | Depths:3 | HP: 84/179 [yaktaur captain/bolt (9)]
 66868 | Depths:3 | HP: 83/179 [poisoned by a lich (poison arrow)]
 66874 | Depths:3 | HP: 83/179 [poisoned by a lich (poison arrow)]
 66876 | Depths:3 | Reached XP level 23. HP: 87/185 MP: 40/40
 66882 | Depths:3 | HP: 87/185 [poisoned by a lich (poison arrow)]
 67207 | Depths:3 | Found a large runed door.
 67211 | Depths:3 | Found a large runed door.
 67936 | Depths:3 | Cast into level 5 of the Abyss (a lich)
 67936 | Abyss:5  | Entered Level 5 of the Abyss
 67945 | Abyss:5  | Found a corrupted altar of Lugonu.
 68016 | Abyss:5  | Found a corrupted altar of Lugonu.
 68029 | Depths:3 | Escaped the Abyss
 68179 | Depths:3 | Found a large runed door.
 68183 | Depths:3 | Found a large runed door.
 68250 | Depths:3 | Found a large runed door.
 68253 | Depths:3 | Found a large runed door.
 68568 | Depths:3 | Found a large runed door.
 68932 | Depths:4 | Found a sacrificial altar of Ru.
 69059 | Depths:4 | HP: 55/188 [shadow dragon/bolt of negative energy (45)]
 69060 | Depths:4 | Found the +0 pair of fencer's gloves {+Riposte Dex+3}
 69069 | Depths:4 | HP: 38/188 [golden dragon/bolt of fire (11)]
 69070 | Depths:4 | Found a stormy altar of Qazlal.
 69075 | Depths:4 | HP: 50/188 [wraith (10)]
 69092 | Depths:4 | HP: 58/188 [deep elf high priest/a malign offering (14)]
 69135 | Depths:4 | HP: 90/188 [soul eater/drain life (9)]
 69287 | Depths:4 | Found a glowing silver altar of Zin.
 69707 | Depths:4 | Reached skill level 15 in Shields
 69765 | Depths:4 | HP: 87/190 [frost giant/battleaxe of freezing (14)]
 70155 | Depths:4 | Got a pitted buckler
 70441 | Depths:4 | Found an ancient bone altar of Kikubaaqudgha.
 70900 | Depths:5 | Entered Level 5 of the Depths
 70907 | Depths:5 | Reached XP level 24. HP: 161/197 MP: 40/40
 71151 | Depths:5 | HP: 92/199 [ice dragon (9)]
 71156 | Depths:5 | HP: 90/199 [poisoned by a tengu reaver]
 71161 | Depths:5 | HP: 62/199 [poisoned by a tengu reaver]
 71164 | Depths:5 | Found a gate to the Realm of Zot.
 71167 | Depths:5 | HP: 52/199 [poisoned by a tengu reaver]
 71173 | Depths:5 | HP: 49/199 [poisoned by a tengu reaver]
 71179 | Depths:5 | HP: 49/199 [poisoned by a tengu reaver]
 71185 | Depths:5 | HP: 50/199 [poisoned by a tengu reaver]
 71193 | Depths:5 | HP: 51/199 [poisoned by a tengu reaver]
 71792 | Depths:5 | Found a corrupted altar of Lugonu.
 72489 | Zot:1    | Entered Level 1 of the Realm of Zot
 73105 | Zot:5    | Entered Level 5 of the Realm of Zot
 73134 | Zot:5    | HP: 92/203 [yellow draconian monk (18)]
 73145 | Zot:5    | HP: 29/203 [shadow dragon/bolt of negative energy (21)]
 73145 | Zot:5    | Killed from afar by a red draconian annihilator

Skill      XL: |  1  2  3  4  5  6  7  8  9 10 11 12 13 14 15 16 17 18 19 20 21 22 23 24 |
---------------+-------------------------------------------------------------------------+-----
Axes           | 2 3 4 5 6 7 9 10 11 12 13 14 15 16 17 18 | 18.3
Dodging        | 1 3 4 6 7 8 9 10 11 13 | 13.2
Shields        | 3 4 5 6 8 9 10 11 12 13 14 15 | 15.0
Armour         | 3 4 5 6 7 8 9 10 11 12 13 14 16 17 | 17.6
Fighting       | 4 5 6 7 8 9 10 11 12 13 14 16 18 19 | 19.8
Invocations    | 4 6 8 10 12 14 15 17 18 19 20 23 27 | 27.0

Action                   |  1- 3 |  4- 6 |  7- 9 | 10-12 | 13-15 | 16-18 | 19-21 | 22-24 || total
-------------------------+-------+-------+-------+-------+-------+-------+-------+-------++-------
Melee: War axe           |   105 |   194 |   381 |   512 |   118 |       |       |       ||  1310
       Headbutt          |    12 |    30 |    66 |    99 |   222 |   302 |   245 |   257 ||  1233
       Whip              |       |       |       |     7 |    54 |    84 |       |       ||   145
       Broad axe         |       |       |       |       |   820 |  1183 |   890 |   781 ||  3674
Throw: Throwing net      |       |       |       |       |     1 |       |       |       ||     1
Invok: Stomp             |       |       |     2 |    37 |    49 |    48 |     7 |       ||   143
       Grand Finale      |       |       |       |       |       |     1 |       |       ||     1
 Abil: Evoke Blink       |       |       |       |       |       |     1 |       |       ||     1
Evoke: Wand              |       |       |     7 |       |     2 |     5 |       |     5 ||    19
  Use: Scroll            |       |    12 |    10 |    10 |     4 |    13 |    19 |    28 ||    96
       Potion            |       |       |       |       |     2 |     3 |     3 |     8 ||    16
 Stab: Distracted        |       |     1 |     4 |     2 |     2 |     4 |     4 |     1 ||    18
       Paralysed         |       |       |     5 |    52 |   165 |   188 |   184 |   142 ||   736
       Confused          |       |       |       |       |     2 |       |       |     1 ||     3
       Held in net/web   |       |       |       |       |     1 |       |       |       ||     1
  Eat: Chunk             |     2 |     5 |    12 |    36 |    39 |    44 |    27 |    24 ||   189
       Ration            |       |     1 |     2 |     1 |     5 |     6 |     3 |     2 ||    20
Armor: Scale mail        |    41 |    77 |       |       |       |       |       |       ||   118
       Chain mail        |       |     1 |   123 |       |   334 |   257 |    11 |       ||   726
       Plate armour      |       |       |    31 |   276 |   157 |   111 |   331 |   212 ||  1118
       Swamp dragon scal |       |       |       |       |       |   276 |       |       ||   276
       Skin              |       |       |       |       |       |     7 |       |    21 ||    28
       Gold dragon scale |       |       |       |       |       |       |       |   117 ||   117
Dodge: Dodged            |    21 |    47 |    83 |    88 |   290 |   522 |   238 |   248 ||  1537
Block: Shield            |    59 |   100 |   181 |   351 |   628 |   729 |   393 |   388 ||  2829
       Reflection        |       |       |       |       |       |    10 |    69 |    29 ||   108

Vault maps used:
D:1:      lemuel_arrival_rhombus, nemelex_diamond_rough_becter
D:2:      marbit_many_paths
D:4:      enter_ossuary_4, minmay_ruptured
D:5:      first_ration, guppyfry_early_orc_mine, uniq_ijyb, uniq_menkaure
D:6:      temple_hall, basic_altar
D:7:      nemelex_xobeh_ov_fountains_minmay, the_bakery, amethyst_killhole,
          hex_tiny, nicolae_dithmenos_shadow_blocks
D:9:      lair_entry_dummy, kennysheep_orc_monster_closet_entryway, trog_book
D:10:     serial_shops, shop, uniq_joseph, uniq_erica
D:11:     minmay_three_doors
D:12:     serial_shops, kennysheep_mini_moat
D:13:     lightli_vaults_fourway_checkpoint, library_closet, uniq_nessos
D:14:     minivault_23, uniq_azrael, uniq_snorg, uniq_frances
D:15:     grunt_enter_depths_snipers, lemuel_blue_sif_altar,
          kennysheep_two_boxes
Temple:   regret_index_temple_chain_breaker
Lair:1:   beast_lair_carwin_11
Lair:2:   spider_nest_entry_webs, beast_lair_carwin_3, uniq_urug
Lair:3:   grunt_megastairs_3
Lair:4:   swamp_mist, serial_bayou_lake_a, grunt_megastairs_4,
          infiniplex_staircase_pool_2
Lair:5:   minmay_slime_entry_oklob_open, serial_bayou_pond_b,
          minmay_lair_oklob_chamber
Lair:6:   hangedman_lair_tendril_chambers, guppyfry_lair_end_dragon,
          nicolae_quartered_pool_little
Swamp:1:  evilmike_swamp_ruin_house_3
Swamp:2:  evilmike_swamp_ruin_house_4, swamp_pool5, uniq_nikola
Swamp:3:  serial_swamp_ruin, evilmike_swamp_ruin_house_1,
          evilmike_swamp_ruin_rubble_2, swamp_pool4, uniq_donald
Swamp:4:  swamp_alternative, uniq_louise
Spider:2: spiders_nest_hornet_nest
Spider:4: grunt_spider_rune_circles, nicolae_spider_cling_ruins, uniq_mara,
          uniq_arachne
Orc:2:    st_orc_ogre_mass
Vaults:1: grunt_vaults_focal, grunt_vaults_trifunnel,
          hangedman_vaults_stretched_pinwheel, ontoclasm_vaults_eye,
          nicolae_vaults_little_squares_6, nicolae_vaults_what_the_h, v_misc_12,
          v_misc_16, vaults_standard_mumra_x, ontoclasm_vaults_pinch,
          nicolae_vaults_asterisk, vaults_room_door_ring,
          nicolae_vaults_little_squares_6, nicolae_vaults_mini_display_case
Vaults:2: hangedman_vaults_stream, kennysheep_vaults_gozag_temple,
          hangedman_vaults_variations, vaults_room_fancy_cross, v_pattern_4,
          hangedman_vaults_capsules, hangedman_vaults_stitches,
          ontoclasm_vaults_chip, vaults_dpeg_ring,
          nicolae_vaults_little_squares_6, serial_shops, shop, shop, shop,
          shop_fountains, shop, basic_altar
Vaults:3: nicolae_vaults_shelves_hall, minmay_crypt_entry_simple_box,
          hangedman_vaults_corner_blocks, hangedman_vaults_corner_blocks,
          nicolae_vaults_border_crossing, nicolae_vaults_little_squares_2,
          hangedman_vaults_locks, nicolae_vaults_specimen_jars, st_octagons_2,
          v_misc_12, v_pattern_1, v_misc_13, ontoclasm_vaults_claustrophobia,
          vaults_room_corners, ontoclasm_vaults_twist, nicolae_vaults_asterisk,
          nicolae_vaults_little_squares_5
Vaults:4: grunt_vaults_funnel, v_misc_12, hangedman_vaults_nails,
          nicolae_vaults_network_quinsquares, ontoclasm_vaults_bender,
          v_misc_22, vaults_room_pool, nicolae_vaults_rhombus_5
Vaults:5: uniq_boris
Depths:1: enter_ziggurat_e, hell_entry, abyss_entry, dk_noncrumbling_3,
          statue_in_the_mist_lemuel, hangedman_decor_push,
          fake_guardian_serpent_vault, grunt_megastairs_2, uniq_asterion,
          uniq_saint_roka, uniq_sojobo
Depths:2: regret_index_dithmenos_brocken_genspenst, hell_entry,
          infiniplex_staircase_split_hallway, minmay_shop_grove
Depths:3: minmay_five_octagons, abandoned_shop, grunt_pan_entry_spiral,
          nicolae_abyss_entry_one_way_or_another, hell_entry,
          kennysheep_generic_room_4, uniq_aizul
Depths:4: grunt_profane_halls, hell_entry, abyss_entry
Depths:5: grunt_zot_entry_alcove, minmay_misc_feat_tiny, lightli_too_deep,
          abyss_entry_flame_altar
Zot:1:    hangedman_zot_decor_checkerboard
Zot:3:    kennysheep_blocky_room, basic_stair_grate_trap
Zot:5:    nicolae_lava_and_water, grunt_ministairs_9
Abyss:5:  nicolae_abyss_rune_star_stuff
Ossuary:  ossuary_tomb_2
